Map: Divergence LE

Players

Massa

  • Race: Terran Terran
  • League: Gold
  • Spawn Location: 5:00

qqq

  • Race: Zerg Zerg
  • Spawn Location: 5:00

rhythem - Winner!

  • Race: Protoss Protoss
  • Spawn Location: 11:00

goralda - Winner!

  • Race: Zerg Zerg
  • Spawn Location: 11:00

VOD

Have the link to the VOD?

Description

Time

  • Played on: July 2, 2020, 7:23 a.m.
  • Length: 10:07
Show
View Real Time Build Order
Export as new Build Order

Massa Terran 

Build Orders:  

Get SALT Encoding   

  12  0:02  SCV  
  13  0:15  SCV  
  14  0:24  Supply Depot  
  14  0:31  SCV  
  15  0:50  Barracks  
  15  0:53  Supply Depot  
  15  0:57  SCV  
  16  1:03  Refinery  
  16  1:09  SCV  
  17  1:27  Refinery  
  17  1:29  SCV  
  18  1:41  SCV  
  19  1:52  Reaper  
  20  2:02  Barracks  
  20  2:03  SCV  
  21  2:15  SCV  
  22  2:18  Factory  
  22  2:24  Marine  
  23  2:42  Marine  
  24  2:53  Barracks Tech Lab  
  24  2:59  Barracks  
  24  3:00  Marine  
  24  3:02  Factory Tech Lab  
  25  3:05  Supply Depot  
  25  3:14  Starport  
  25  3:18  Marine  
  26  3:21  Siege Tank  
  29  3:35  Marine  
  30  3:45  SCV  
  31  3:53  Marine  
  31  3:54  Supply Depot  
  32  3:55  Stimpack  
  32  3:57  SCV  
  33  4:11  Reaper  
  33  4:20  Marauder  
  33  4:21  Marine  
  36  4:25  Siege Tank  
  39  4:32  Medivac  
  41  4:38  Marine  
  41  4:42  Marauder  
  41  4:43  Marine  
  45  5:03  Marauder  
  47  5:07  Orbital Command  
  47  5:37  Supply Depot  
  47  5:58  Marine x3  
  47  5:59  Widow Mine, Medivac, Supply Depot  
  54  6:16  Marine  
  55  6:20  Supply Depot  
  55  6:21  Widow Mine, Marine x2  
  55  6:23  Command Center, Supply Depot  
  59  6:29  Medivac  
  57  6:48  Widow Mine  
  59  7:02  Medivac  
  61  7:09  Concussive Shells  
  61  7:16  SCV  
  61  7:17  Barracks Tech Lab  
  60  7:28  SCV  
  61  7:40  SCV  
  62  7:52  SCV  
  62  7:56  Marauder x2, Supply Depot  
  67  7:59  Marine  
  68  8:17  Marine  
  68  8:18  Marauder x2  
  68  8:19  Supply Depot  
  73  8:33  Medivac  
  75  8:34  Engineering Bay  
  75  8:35  Marine  
  75  8:39  Marauder x2  
  75  8:41  Supply Depot  
  80  8:45  Orbital Command  
  80  8:49  SCV  
  81  9:00  Marauder  
  81  9:01  Armory, Marauder  
  85  9:03  Medivac  
  85  9:04  Supply Depot  
  85  9:22  Marauder x2  
  89  9:26  Supply Depot  
  89  9:29  Marine  
  90  9:32  Siege Tank  
  93  9:43  Marauder x2  
  97  9:47  Marine  
  97  9:49  SCV x2, Missile Turret  
Show
View Real Time Build Order
Export as new Build Order

qqq Zerg 

Build Orders: Hatch First 

Get SALT Encoding   

  12  0:04  Drone  
  13  0:32  Hatchery  
  12  0:49  Spawning Pool  
  11  0:51  Drone  
  12  1:02  Overlord  
  12  1:06  Extractor  
  12  1:09  Drone  
  12  1:30  Drone x3  
  15  1:44  Drone  
  15  1:45  Queen  
  18  1:48  Drone  
  18  1:53  Drone  
  20  1:58  Drone  
  21  2:05  Spine Crawler  
  20  2:10  Drone  
  20  2:15  Spine Crawler  
  20  2:17  Drone  
  20  2:22  Zergling x2  
  22  2:23  Drone  
  23  2:40  Spine Crawler  
  22  2:47  Spine Crawler  
  22  2:50  Drone x2  
  22  2:51  Drone  
  24  3:05  Lair  
  24  3:06  Drone x2  
  26  3:22  Extractor  
  24  4:26  Overlord x2  
  24  4:27  Overlord  
  24  4:28  Spire  
  23  4:54  Drone x2, Hatchery  
  23  4:59  Hatchery  
  23  5:15  Drone  
  23  5:16  Drone  
  23  5:20  Metabolic Boost  
  25  5:24  Spore Crawler  
  25  5:26  Drone x3  
  23  5:33  Drone  
  23  5:44  Mutalisk  
  25  5:53  Drone x2  
  27  6:05  Corruptor x2  
  27  6:10  Drone  
  32  6:11  Queen  
  32  6:13  Mutalisk  
  36  6:22  Corruptor  
  38  6:31  Overlord  
  38  6:34  Overlord  
  38  6:50  Drone, Spore Crawler  
  38  6:51  Drone x2  
  40  6:59  Mutalisk  
  40  7:01  Mutalisk  
  44  7:09  Corruptor  
  44  7:12  Drone  
  47  7:20  Spine Crawler  
  46  7:27  Corruptor  
  46  7:30  Drone  
  46  7:31  Drone  
  48  7:44  Drone x2  
  50  7:55  Overlord x3  
  50  8:05  Overlord  
  50  8:08  Overlord  
  50  8:29  Spore Crawler  
  50  8:32  Mutalisk x5  
  49  8:50  Drone x6  
  55  9:02  Mutalisk x2  
  47  9:29  Hatchery  
Show
View Real Time Build Order
Export as new Build Order

rhythem Protoss - Winner!

Build Orders: Cannon Rush, Mass Phoenix 

Get SALT Encoding   

  1  0:00  Probe  
  12  0:05  Probe  
  14  0:15  Probe  
  15  0:24  Pylon  
  15  0:43  Probe, Forge  
  16  0:55  Probe  
  17  1:00  Gateway  
  17  1:07  Probe  
  18  1:16  Pylon  
  18  1:19  Probe, Assimilator  
  19  1:30  Probe  
  20  1:35  Photon Cannon  
  20  1:38  Probe  
  20  1:45  Assimilator  
  21  1:57  Photon Cannon  
  21  1:59  Photon Cannon  
  21  2:07  Photon Cannon  
  21  2:13  Probe  
  21  2:14  Photon Cannon  
  22  2:27  Cybernetics Core  
  22  2:43  Probe  
  23  2:49  Pylon  
  23  2:56  Pylon  
  23  3:03  Probe  
  24  3:09  Stargate  
  24  3:20  Stargate, Warp Gate  
  24  3:48  Gateway  
  24  3:49  Gateway  
  24  4:00  Phoenix  
  24  4:02  Zealot  
  28  4:15  Phoenix  
  30  4:25  Phoenix  
  32  4:33  Phoenix, Zealot  
  36  4:53  Pylon  
  36  4:55  Phoenix  
  38  5:03  Phoenix  
  40  5:12  Zealot  
  40  5:13  Shield Battery  
  42  5:44  Phoenix  
  42  5:45  Phoenix  
  46  6:00  Nexus  
  46  6:06  Pylon  
  46  6:11  Shield Battery  
  44  6:44  Probe  
  44  6:52  Probe  
  44  6:53  Nexus  
  46  7:02  Probe  
  47  7:11  Phoenix  
  47  7:14  Probe  
  50  7:25  Probe  
  50  7:29  Phoenix  
  53  7:33  Probe  
  53  7:34  Probe  
  53  7:41  Probe  
  53  7:42  Probe  
  55  7:50  Pylon  
  57  7:52  Probe x2  
  59  8:04  Probe  
  54  8:14  Probe  
  54  8:16  Phoenix  
  54  8:19  Probe  
  57  8:22  Probe  
  57  8:24  Fleet Beacon  
  57  8:26  Assimilator  
  59  8:27  Probe  
  59  8:29  Probe  
  59  8:32  Probe  
  61  8:37  Probe  
  61  8:41  Probe  
  64  8:44  Probe  
  64  8:46  Phoenix  
  64  8:47  Phoenix  
  69  8:49  Probe  
  69  8:54  Probe  
  70  8:58  Zealot x2  
  75  9:02  Probe  
  75  9:06  Probe  
  75  9:09  Assimilator  
  77  9:11  Probe  
  77  9:16  Assimilator  
  78  9:23  Probe  
  79  9:25  Phoenix  
  79  9:26  Phoenix  
  83  9:33  Stargate, Assimilator  
  83  9:39  Probe  
  83  9:40  Probe  
  85  9:48  Pylon  
  85  9:51  Pylon  
Show
View Real Time Build Order
Export as new Build Order

goralda Zerg - Winner!

Build Orders: Hatch First, Lurkers 

Get SALT Encoding   

  12  0:02  Drone  
  13  0:08  Drone  
  14  0:34  Hatchery  
  13  0:39  Drone  
  14  0:48  Extractor x2  
  14  0:49  Drone  
  13  0:51  Drone  
  16  0:58  Overlord  
  16  1:13  Spawning Pool  
  16  1:15  Extractor  
  16  1:17  Drone  
  15  1:23  Drone  
  16  1:33  Drone  
  16  1:34  Drone  
  18  1:46  Drone  
  18  1:47  Drone  
  20  2:02  Queen  
  20  2:03  Queen  
  24  2:15  Metabolic Boost  
  24  2:40  Zergling x2  
  24  2:41  Overlord x2  
  25  2:54  Lair  
  25  3:04  Zergling x12  
  31  3:25  Zergling x2  
  31  3:26  Zergling x8  
  36  3:37  Drone x4  
  40  3:41  Extractor  
  39  3:58  Drone  
  39  3:59  Drone x4  
  39  4:01  Overlord x4  
  44  4:22  Drone x4  
  48  4:46  Extractor, Drone x3  
  48  4:47  Drone x3, Extractor  
  48  4:48  Drone  
  53  4:57  Overseer  
  53  5:20  Pneumatized Carapace  
  53  5:29  Hydralisk Den  
  53  5:33  Infestation Pit  
  50  5:57  Hatchery  
  49  6:10  Hydralisk  
  49  6:11  Hydralisk x11  
  51  6:13  Overlord x2  
  51  6:14  Overlord x3  
  73  6:30  Muscular Augments  
  73  6:45  Baneling Nest  
  72  6:52  Lurker Den, Hive  
  71  7:01  Overlord x2  
  71  7:04  Overlord  
  71  7:07  Drone x4  
  71  7:08  Drone  
  76  7:10  Drone  
  77  7:28  Drone x4  
  77  7:29  Drone  
  82  7:40  Queen  
  82  7:41  Drone, Grooved Spines  
  82  7:42  Drone x2  
  87  7:48  Centrifical Hooks  
  87  7:52  Lurker  
  87  7:53  Lurker x2  
  88  8:19  Lurker x2  
  90  8:20  Lurker x2  
  90  8:22  Zergling x4  
  90  8:23  Zergling x24  
  96  9:19  Hydralisk x5  
  96  9:20  Hydralisk x7  
  96  9:21  Hydralisk  
  96  9:23  Overlord x4  
  96  9:24  Overlord  
  122  9:32  Drone x2, Extractor  
  122  9:34  Extractor  
  109  10:03  Hatchery  
Tags
 
Add a new tag
Caveats
  • Supply blocks, unpowered buildings, or Contaminate may cause inaccurate times.
  • Supply counts are checked every 10 seconds.